[Event "VII Marx Gyorgy Memorial WGM"]
[Site "Paks"]
[Date "2009.09.26"]
[Round "2"]
[White "Dolukhanova, Evgeniya"]
[Black "Toth, Lili"]
[Result "1/2-1/2"]
[ECO "C19"]
[WhiteElo "2341"]
[BlackElo "2171"]
[PlyCount "106"]
[EventDate "2009.??.??"]
[TimeControl "6030"]

1. e4 e6 2. d4 d5 3. Nc3 Bb4 4. e5 c5 5. a3 Bxc3+ 6. bxc3 Ne7 7. Nf3 Qa5 8. Bd2
Nbc6 9. Bd3 c4 10. Be2 Bd7 11. O-O f6 12. exf6 gxf6 13. Bh6 Rg8 14. Qd2 O-O-O
15. Bf4 Ng6 16. Bg3 e5 17. dxe5 fxe5 18. Rfd1 Bg4 19. Nd4 Bxe2 20. Nxc6 bxc6
21. Qxe2 Qxc3 22. Rab1 Rde8 23. Qh5 Re7 24. Re1 Rf8 25. Qh3+ Kd8 26. Rb8+ Kc7
27. Bxe5+ Qxe5 28. Rxe5 Rxe5 29. Rb1 Rfe8 30. g3 R8e7 31. Qh6 Re2 32. Rc1 Ne5
33. Qh5 Nd7 34. Kf1 R2e5 35. Qd1 Kd6 36. f4 Re3 37. Qd2 c3 38. Qd4 c5 39. Qh8
d4 40. Kg2 Re2+ 41. Kh3 Rd2 42. Qd8 Ree2 43. Rb1 Rxc2 44. Rb7 Re7 45. Rxa7 Rce2
46. Qc7+ Kd5 47. Qb7+ Kc4 48. Qa6+ Kb3 49. Qb5+ Kc2 50. Rxd7 Rxd7 51. Qxe2+ Kc1
52. Qf1+ Kd2 53. Qf2+ Kc1 1/2-1/2